 Dungeon Sprint DCSS version 0.30-a0-465-g8901f6c8b5 (webtiles) character file.

Game seed: 2495395481672458120

8 NinjaNoafa the Ruffian (level 2, -7/43 HPs)
             Began as an Ogre Transmuter on Dec 19, 2022.
             Mangled by an ogre
             ... wielding a +0 giant club
              (28 damage)
             ... in the Dungeon (Sprint IX: "|||||||||||||||||||||||||||||").
             The game lasted 00:00:44 (44 turns).

NinjaNoafa the Ruffian (Ogre Transmuter)              Turns: 44, Time: 00:00:45

Health: -7/43      AC: 21    Str: 13    XL:     2   Next: 8%
Magic:  5/6        EV:  1    Int: 14    God:
Gold:   0          SH:  0    Dex:  9    Spells: 4/7 levels left

rFire   . . .      SeeInvis .      - Unarmed
rCold   . . .      Faith    .    (no shield)
rNeg    . . .      Spirit   .    (body armour currently unavailable)
rPois   +          Reflect  .    (helmet currently unavailable)
rElec   .          Harm     .    (cloak currently unavailable)
rCorr   .          Rampage  .    (gloves unavailable)
Will    .....      NoTele   +    (boots unavailable)
Stlth   +.........               (no amulet)
HPRegen 0.27/turn                (no ring)
MPRegen 0.10/turn                (no ring)

@: tree-form
A: stationary, stasis, torment immunity, boosted hp, large, unfitting armour,
(tough skin 1)
a: no special abilities


You were in the Dungeon.
You were a tree.
You visited 1 branch

Inventory:

Armour
 a - a +0 robe (melded)
Scrolls
 h - a scroll of blinking
Potions
 c - a potion of curing
 d - a potion of heal wounds
 e - a potion of haste
 f - 2 potions of magic
 g - a potion of berserk rage


   Skills:
 + Level 2.6 Fighting
 + Level 2.3 Dodging
 + Level 3.1 Unarmed Combat
 + Level 3.1 Spellcasting
 + Level 2.3 Transmutations


You had 4 spell levels left.
You knew the following spells:

 Your Spells              Type           Power      Damage    Failure   Level
a - Beastly Appendage     Tmut           16%        N/A       9%          1
b - Wereblood             Tmut           8%         N/A       12%         2

Your spell library contained the following spells:

 Spells                   Type           Power      Damage    Failure   Level
 Spider Form              Tmut/Pois      5%         N/A       36%         3
 Ice Form                 Ice/Tmut       5%         N/A       78%         4


Dungeon Overview and Level Annotations

Branches:
Dungeon (1/1)

Altars:


Innate Abilities, Weirdness & Mutations

You are a tree.
Your roots penetrate the ground, keeping you stationary.
You cannot be teleported.
You are immune to unholy pain and torment.
Your maximum health is greatly increased.
Your equipment is partially melded.
You are too large for most types of armour.
((You have tough skin. (AC +1)))


Message History

Your Unarmed Combat skill increases to level 3!
You hit the endoplasm. You claw the endoplasm.
The endoplasm is severely wounded.
The endoplasm hits you but does no damage.
You hit the endoplasm.
You kill the endoplasm!
The dart slug barely misses you.
You see here a hobgoblin corpse.
You hit the dart slug. You claw the dart slug.
The dart slug is heavily wounded.
The dart slug bites you.
You hit the dart slug.
You kill the dart slug!
Your Spellcasting skill increases to level 3!
You have reached level 2!
Memorise Wereblood, consuming 2 spell levels and leaving 4?
HP restored.
You start memorising the spell.
You continue memorising. x2
Your horns disappear.
Your talons disappear.
You finish memorising.
Spell assigned to 'b'.
Magic restored.
You see here a dart slug corpse.
You open the door.
An ogre, an orc, 2 hounds and a worm come into view.
The ogre shouts!
The orc shouts!
The hound barks!
The ogre attacks as you move away! The ogre hits you with a +0 giant club!
Ouch! That really hurt!
The hound barks!
Casting: Beastly Appendage (safe; 9% risk of failure)
Confirm with . or Enter, or press ? or * to list all spells.
You grow a pair of large bovine horns.
Your feet morph into talons.
The ogre attacks as you move away! The ogre barely misses you.
You aren't carrying any items that you can evoke.
Really quaff the potion of lignification?
Your horns disappear.
Your talons disappear.
You turn into a tree.
Your +0 robe melds into your body.
Your roots penetrate the ground.
The ogre hits you with a +0 giant club!!
Ouch! That really hurt!
You die... ▓▓▓▓▓▓▓▓▓▓▓▓▓▓▓▓▓▓ ▓<...'††♣Oh'oh.w.+ ▓▓▓▓▓▓▓▓▓▓▓▓▓▓▓▓▓▓

You could see an ogre, a worm, 2 hounds and an orc.

Vanquished Creatures
  A dart slug (D)
  2 endoplasms (D)
  A giant cockroach (D)
  A hobgoblin (D)
5 creatures vanquished.

Notes
Turn   | Place    | Note
-------+----------+-------------------------------------------
     0 | D        | NinjaNoafa the Ogre Transmuter began the quest for the Orb.
     0 | D        | Reached XP level 1. HP: 19/19 MP: 3/3
    17 | D        | Reached XP level 2. HP: 28/29 MP: 4/6
    20 | D        | Learned a level 2 spell: Wereblood
    40 | D        | Noticed an ogre
    44 | D        | Mangled by an ogre

Illustrated notes

Levels and vault maps discovered:
D:        linesprint [early_d, line_temple, items_1, d_10, items_2, lair_1,
          lair_end, items_3, orc_1, orc_end, items_4, d_15, swamp_1, shoals_1,
          snake_1, spider_1, d_20, vaults_1, items_5, swamp_end, shoals_end,
          snake_end, spider_end, vaults_end, d_27, items_6, zot_1, zot_end,
          crypt_end, forest_end, elf_end, slime_end, tomb_end, abyss_end,
          pan_hell_end]

Skill      XL: |  1 |
---------------+----+-----
Dodging        | 2 |  2.3
Transmutations | 2 |  2.3
Fighting       | 2 |  2.6
Unarmed Combat | 3 |  3.1
Spellcasting   | 3 |  3.1

Action                   || total
-------------------------++-------
Melee: Unarmed           ||    10
       Kick              ||     6
       Headbutt          ||     1
       Punch             ||     1
 Cast: Beastly Appendage ||     2
  Use: Potion            ||     1
Armor: Robe              ||     3
Dodge: Dodged            ||     4

Table legend: (Time is in decaauts)
 A = Elapsed time spent in this place.
 B = Non-inter-level travel time spent in this place.
 C = Inter-level travel time spent in this place.
 D = Time resting spent in this place.
 E = Time spent auto-exploring this place.
 F = Levels seen in this place.
 G = Mean time per level.
                   A        B        C        D        E       F      G
               +--------+--------+--------+--------+--------+-----+--------+
         Total |     43 |     43 |      0 |      0 |     23 |   1 |   43.0 |
       Dungeon |     43 |     43 |      0 |      0 |     23 |   1 |   43.0 |
               +--------+--------+--------+--------+--------+-----+--------+

Top non-repeatable levels by time:
       D: 43 daAuts
